 Dungeon Crawl Stone Soup version 0.19.0-2-gae57169 (webtiles) character file.

445 Monsterracer the Basher (level 7, 0/76 HPs)
             Began as an Ogre Berserker on Nov 6, 2016.
             Was a Priest of Trog.
             Slain by an orc priest
             ... wielding a +0 trident
              (4 damage)
             ... on level 4 of the Dungeon.
             The game lasted 00:13:56 (3445 turns).

Monsterracer the Basher (Ogre Berserker)            Turns: 3445, Time: 00:13:56

Health: 0/76       AC:  7    Str: 23    XL:     7   Next: 3%
Magic:  7/7        EV: 10    Int:  6    God:    Trog [***...]
Gold:   208        SH:  0    Dex: 11    Spells: 0 memorised, 6 levels left

rFire  . . .     SeeInvis .     v - +4 mace
rCold  . . .     Gourm    .     b - +0 animal skin
rNeg   . . .     Faith    .     (no shield)
rPois  +         Spirit   .     (helmet restricted)
rElec  .         Reflect  .     (no cloak)
rCorr  .         Harm     .     (gloves unavailable)
MR     .....                    (boots unavailable)
Stlth  +.........               (no amulet)
                                s - +3 ring of protection
                                e - ring of poison resistance

@: exhausted, slowed, very slow
A: unfitting armour, rugged brown scales 1, tough skin 1
a: Berserk, Trog's Hand, Burn Spellbooks, Renounce Religion


You were on level 4 of the Dungeon.
You worshipped Trog.
Trog was most pleased with you.
You were very hungry.

You visited 1 branch of the dungeon, and saw 4 of its levels.

You collected 208 gold pieces.

Inventory:

Hand Weapons
 v - a +4 mace (weapon)
Missiles
 f - 119 stones (quivered)
 w - a throwing net
Armour
 b - a +0 animal skin (worn)
Jewellery
 e - a ring of poison resistance (left hand)
 s - a +3 ring of protection (right hand)
Scrolls
 a - a scroll of fear {unknown}
 i - 3 scrolls of random uselessness {unknown}
 j - 3 scrolls of identify
 k - 2 scrolls of noise {unknown}
 l - a scroll of magic mapping {unknown}
 o - a scroll of enchant weapon {unknown}
 p - a scroll of recharging {unknown}
 q - a scroll of immolation {unknown}
 r - 2 scrolls of enchant armour {unknown}
 t - 3 scrolls of amnesia {unknown}
 u - 5 scrolls of remove curse {unknown}
Potions
 m - 2 potions of curing
 n - 3 potions of brilliance
Comestibles
 c - 6 bread rations
 g - 4 meat rations


   Skills:
 + Level 5.9 Fighting
 * Level 8.1 Maces & Flails
 + Level 2.8 Throwing
 - Level 2.6 Dodging


You had 6 spell levels left.
You didn't know any spells.

Dungeon Overview and Level Annotations

Branches:
Dungeon (4/15)
 Temple: D:4-7

Altars:
Cheibriados
Trog
Xom
The Shining One


Innate Abilities, Weirdness & Mutations

You are too large for most types of armour.
You have tough skin. (AC +1)
You are partially covered in rugged brown scales. (AC +1, +3% HP)


Message History

You closely miss the orc.
The orc is heavily wounded.
The orc priest mumbles some strange prayers to Beogh against you.
Beogh smites you!
* * * LOW HITPOINT WARNING * * *
The orc hits you.
* * * LOW HITPOINT WARNING * * *
You hit the orc.
You kill the orc!
Trog accepts your kill. The orc priest closely misses you.
The orc priest hits you from afar with a trident.
* * * LOW HITPOINT WARNING * * *
The orc priest hits you with a trident.
* * * LOW HITPOINT WARNING * * *
There is an open door, spattered with blood here.
Items here: ))))) [[[ †† You hit the orc priest but do no damage.
The orc priest barely misses you. The orc priest hits you with a trident.
You die...

#### #...[)......##.#..#
^..#
##.........<##....#######
...#
#..........#####........
...#######..........#
#########
........##..........#
........+...####....###
...)....##..# ##.....#
...#........#####.....#
...#.####.#....)@.....#
.[.#)# #.#'#####o....#
...+.# #.. #.....# ...###
#... #.....# ...# #....
#.....# ...# #....#
#.....# #### ......
#.....# #.##### #.....#


You could see an orc priest.

Vanquished Creatures
  A sky beast (D:4)
  An ogre (D:4)
  3 orc wizards (D:4)
  4 gnolls (D:2)
  5 adders
  An ooze (D:4)
  3 worms
  5 dart slugs
  5 leopard geckos
  11 orcs (D:4)
  3 giant cockroaches
  7 goblins
  2 hobgoblins
  3 jackals (D:2)
  7 kobolds
  A quokka (D:3)
  6 bats
  4 frilled lizards
  5 rats
77 creatures vanquished.

Notes
Turn   | Place    | Note
-------+----------+-------------------------------------------
     0 | D:1      | Monsterracer the Ogre Berserker began the quest for the Orb.
     0 | D:1      | Reached XP level 1. HP: 24/24 MP: 1/1
   184 | D:1      | Reached XP level 2. HP: 32/32 MP: 2/2
   779 | D:2      | Found a glowing golden altar of the Shining One.
   887 | D:2      | Found a shimmering altar of Xom.
   903 | D:2      | Reached XP level 3. HP: 32/40 MP: 3/3
   920 | D:2      | Reached skill level 5 in Maces & Flails
   922 | D:2      | Reached skill level 1 in Throwing
   927 | D:2      | Reached XP level 4. HP: 35/49 MP: 4/4
  1134 | D:2      | Reached ** piety under Trog
  1569 | D:2      | Reached skill level 6 in Maces & Flails
  2081 | D:3      | Reached XP level 5. HP: 41/55 MP: 5/5
  2167 | D:3      | Found a bloodstained altar of Trog.
  2672 | D:4      | Noticed a sky beast
  2684 | D:4      | Killed a sky beast
  2684 | D:4      | Reached skill level 5 in Fighting
  2684 | D:4      | Reached skill level 7 in Maces & Flails
  2684 | D:4      | Reached XP level 6. HP: 39/66 MP: 6/6
  2816 | D:4      | Reached *** piety under Trog
  3030 | D:4      | Gained mutation: You are partially covered in rugged brown scales. (AC +1, +3% HP) [potion of beneficial mutation]
  3065 | D:4      | Found a snail-covered altar of Cheibriados.
  3428 | D:4      | Reached skill level 8 in Maces & Flails
  3428 | D:4      | Reached XP level 7. HP: 76/76 MP: 7/7
  3428 | D:4      | Paralysed by fainting for 5 turns
  3444 | D:4      | HP: 3/76 [orc priest/trident (4)]
  3445 | D:4      | Slain by an orc priest

Skill      XL: |  1  2  3  4  5  6 |
---------------+-------------------+-----
Maces & Flails | 5 6 7 8 |  8.1
Throwing       | 1 2 |  2.8
Fighting       | 5 |  5.9
Dodging        | |  2.6

Action                   |  1- 3 |  4- 6 |  7- 9 || total
-------------------------+-------+-------+-------++-------
Melee: Mace              |    77 |   167 |    10 ||   254
Throw: Stone             |    27 |   102 |       ||   129
Invok: Berserk           |     1 |     3 |       ||     4
  Use: Potion            |     3 |     6 |       ||     9
       Scroll            |       |     1 |       ||     1
 Stab: Sleeping          |       |     1 |       ||     1
  Eat: Chunk             |       |     7 |       ||     7
       Fruit             |       |     3 |       ||     3
       Beef jerky        |       |       |     1 ||     1
Armor: Animal skin       |    38 |    50 |     6 ||    94
Dodge: Dodged            |    33 |    94 |     8 ||   135
